 Dungeon Crawl Stone Soup version 0.31.0-11-ge490571c62 (webtiles) character file.

Game seed: 12095190244363872375

250580 zenocrate the Unseen (level 19, -11/94 HPs)
             Began as a Vine Stalker Enchanter on Jan 30, 2024.
             Was an Initiate of Gozag.
             Mangled by a wolf spider (13 damage)
             ... on level 15 of the Dungeon on Jan 31, 2024.
             The game lasted 01:23:44 (43773 turns).

zenocrate the Unseen (Vine Stalker Enchanter)      Turns: 43773, Time: 01:23:45

Health: -11/94     AC: 18    Str:  7    XL:     19   Next: 63%
Magic:  0/32       EV: 17    Int: 20    God:    Gozag
Gold:   889        SH:  0    Dex: 22    Spells: 7/35 levels left

rFire   + + .        a - +6 short sword of the Fool {venom, rN+ Will+ Str-5 Int+5}
rCold   + . .        C - orb {guile}
rNeg    + + .        A - +0 swamp dragon scales
rPois   +            r - -2 hat of the Alchemist {rElec rPois rF+ rC+ rN+ Will+ rMut rCorr}
rElec   +            j - +2 cloak
rCorr   +            u - +2 pair of gloves {infuse}
SInv    .            s - +2 pair of boots {Fly}
Will    ++...        K - amulet of regeneration
Stlth   +++++++      M - ring of protection from fire
HPRegen 1.95/turn    Z - +4 ring of protection
MPRegen 0.23/turn

%: resist mutation, guardian spirit
@: mighty, corroded, gold aura, flying, hasted, very quick
A: fangs 3, regeneration 1, magic shield, antimagic bite, no potion heal 2,
iridescent scales 1
}: 2/15 runes: decaying, serpentine
a: Renounce Religion, Potion Petition, Call Merchant, Bribe Branch


You were on level 15 of the Dungeon.
You worshipped Gozag.
Gozag was pleased with you.
You visited 7 branches of the dungeon, and saw 32 of its levels.
You also visited: Sewer.

You collected 12512 gold pieces.
You spent 4803 gold pieces at shops.
You paid 6820 gold pieces to Gozag.

Inventory:

Hand Weapons
 a - the +6 short sword of the Fool (weapon) {venom, rN+ Will+ Str-5 Int+5}
   (You bought it in a shop on level 1 of the Lair of Beasts)

   Str-5:     It affects your strength (-5).
   Int+5:     It affects your intelligence (+5).
   rN+:       It protects you from negative energy.
   Will+:     It increases your willpower.
 b - the +2 Maxwell's thermic engine {flame, freeze, rev}
   (You found it on level 1 of the Snake Pit)
Missiles
 o - 23 boomerangs
 y - 2 throwing nets (quivered)
 L - 13 javelins
Armour
 j - a +2 cloak (worn)
 r - the -2 hat of the Alchemist (worn) {rElec rPois rF+ rC+ rN+ Will+ rMut rCorr}
   (You bought it in a shop on level 12 of the Dungeon)

   rF+:       It protects you from fire.
   rC+:       It protects you from cold.
   rElec:     It insulates you from electricity.
   rPois:     It protects you from poison rN+: It protects you from negative
   energy.
   Will+:     It increases your willpower.
   rCorr:     It protects you from acid and corrosion.
   rMut:      It protects you from mutation.
 s - a +2 pair of boots of flying (worn)
 u - a +2 pair of gloves of infusion (worn)
 A - +0 swamp dragon scales (worn)
 C - an orb of guile (worn)
Jewellery
 h - the ring "Ajyaja" {Fly rN++ Str-5}
   (You found it on level 12 of the Dungeon)

   [ring of flight]

   Str-5:     It affects your strength (-5).
   rN++:      It greatly protects you from negative energy.
   Fly:       It grants you flight.
 i - a ring of see invisible
 m - a +4 ring of protection
 v - a ring of ice
 K - an amulet of regeneration (around neck)
 M - a ring of protection from fire (left hand)
 Q - a ring of ice
 Z - a +4 ring of protection (right hand)
Wands
 q - a wand of flame (66)
 F - a wand of digging (13)
 O - a wand of mindburst (15)
 R - a wand of quicksilver (12)
 W - a wand of roots (14)
 Y - a wand of paralysis (16)
Scrolls
 g - a scroll of fear
 k - a scroll of identify
 w - a scroll of amnesia
 x - 3 scrolls of teleportation
 B - 4 scrolls of revelation
 D - 2 scrolls of silence
 E - 9 scrolls of vulnerability
 V - a scroll of blinking
 X - 3 scrolls of poison
Potions
 c - a potion of invisibility
 d - 6 potions of resistance
 e - 13 potions of curing
 f - 2 potions of attraction
 l - 3 potions of enlightenment
 n - 5 potions of lignification
 p - 2 potions of cancellation
 t - 5 potions of might
 z - 3 potions of magic
 G - 2 potions of ambrosia
 J - 5 potions of brilliance
 U - 3 potions of haste
Miscellaneous
 I - a condenser vane
 P - a box of beasts
 S - a lightning rod (4/4)


   Skills:
 + Level 8.2 Fighting
 + Level 15.1(15.2) Short Blades
 - Level 2.6(10.2) Long Blades
 - Level 2.0 Throwing
 * Level 4.7 Armour
 + Level 13.1 Dodging
 + Level 19.9 Stealth
 + Level 8.5 Spellcasting
 - Level 2.2 Conjurations
 + Level 15.5 Hexes
 + Level 5.0 Necromancy
 + Level 5.0 Translocations
 - Level 3.0 Ice Magic
 + Level 6.6 Evocations


You had 7 spell levels left.
You knew the following spells:

 Your Spells              Type           Power      Damage    Failure   Level
a - Ensorcelled Hibernat  Hex/Ice        90%        N/A       1%          2
b - Confusing Touch       Hex            63%        N/A       1%          3
c - Tukima's Dance        Hex            63%        N/A       1%          3
d - Cause Fear            Hex            31%        N/A       1%          4
e - Enfeeble              Hex            31%        N/A       36%         7
f - Fugue of the Fallen   Necr           28%        N/A       10%         3
h - Dazzling Flash        Conj/Hex       88%        N/A       1%          3
m - Apportation           Tloc           56%        N/A       3%          1
x - Blink                 Tloc           56%        N/A       4%          2

Your spell library contained the following spells:

 Spells                   Type           Power      Damage    Failure   Level
 Slow                     Hex            100%       N/A       1%          1
 Jinxbite                 Hex            100%       N/A       1%          2
 Sigil of Binding         Hex            63%        N/A       1%          3
 Inner Flame              Hex/Fire       39%        N/A       3%          3
 Anguish                  Hex/Necr       24%        N/A       3%          4
 Lesser Beckoning         Tloc           56%        N/A       4%          2
 Kiss of Death            Conj/Necr      92%        2d12      5%          1
 Momentum Strike          Conj/Tloc      46%        3d9       9%          2
 Vampiric Draining        Necr           28%        2d8       10%         3
 Foxfire                  Conj/Fire      52%        2x1d6     16%         1
 Metabolic Englaciation   Hex/Ice        22%        N/A       16%         5
 Cigotuvi's Dreadful Rot  Necr/Alch/Air  30%        N/A       19%         2
 Frozen Ramparts          Ice            40%        1d7       22%         3
 Ozocubu's Armour         Ice            20%        N/A       22%         3
 Sandblast                Erth           16%        2d6       26%         1
 Summon Small Mammal      Summ           32%        N/A       26%         1
 Volatile Blastmotes      Fire/Tloc      36%        2d13      26%         3
 Silence                  Hex/Air        19%        N/A       28%         5
 Summon Mana Viper        Hex/Summ       39%        N/A       28%         5
 Yara's Violent Unravell  Hex/Alch       19%        3d9       28%         5
 Dispel Undead            Necr           28%        3d13      30%         4
 Manifold Assault         Tloc           28%        N/A       30%         4
 Stone Arrow              Conj/Erth      26%        3d8       43%         3
 Mephitic Cloud           Conj/Alch/Air  11%        N/A       50%         3
 Iskenderun's Mystic Bla  Conj/Tloc      23%        2d6       50%         4
 Call Canine Familiar     Summ           8%         N/A       58%         3
 Passwall                 Erth           8%         N/A       58%         3
 Martyr's Knell           Necr/Summ      18%        N/A       65%         4
 Vhi's Electric Charge    Tloc/Air       36%        N/A       65%         4
 Curse of Agony           Necr           28%        N/A       65%         5
 Brom's Barrelling Bould  Conj/Erth      13%        2d4       83%         4
 Flame Wave               Conj/Fire      13%        2d6       83%         4
 Fulminant Prism          Conj/Alch      6%         3d7       83%         4
 Ignite Poison            Fire/Alch      8%         N/A       94%         4
 Leda's Liquefaction      Alch/Erth      4%         N/A       94%         4
 Petrify                  Alch/Erth      8%         N/A       94%         4
 Sticky Flame             Fire/Alch      8%         2d4       94%         4
 Summon Blazeheart Golem  Fire/Summ      8%         N/A       94%         4
 Summon Forest            Summ/Tloc      9%         N/A       94%         5
 Freezing Cloud           Conj/Ice/Air   7%         6-21      98%         5
 Arcjolt                  Conj/Air       6%         1d16      99%         5
 Fireball                 Conj/Fire      6%         3d5       99%         5
 Death Channel            Necr           14%        N/A       99%         6
 Alistair's Intoxication  Alch           5%         N/A       100%        5
 Plasma Beam              Fire/Air       4%         2x1d14    100%        6
 Sculpt Simulacrum        Ice/Alch       7%         N/A       100%        6
 Starburst                Conj/Fire      6%         6d4       100%        6
 Summon Cactus Giant      Summ           4%         N/A       100%        6
 Ignition                 Fire           4%         3d4       100%        8
 Dragon's Call            Summ           4%         N/A       100%        9
 Animate Dead             Necr           Unusable   N/A       N/A         4

Dungeon Overview and Level Annotations

Branches:
Dungeon (15/15)            Temple (1/1) D:7            Lair (5/5) D:8
  Swamp (4/4) Lair:3        Snake (4/4) Lair:3        Slime (0/5) Lair:5
    Orc (2/2) D:10            Elf (1/3) Orc:2        Vaults (0/5) D:13
 Depths (0/4) D:15          Sewer (visited)

Altars:
Ashenzari
Cheibriados
Dithmenos
Elyvilon
Fedhas
Gozag
Hepliaklqana
Kikubaaqudgha
Makhleb
Nemelex Xobeh
Okawaru
Qazlal
Ru
Sif Muna
Trog
Uskayaw
Vehumet
Wu Jian
Xom
Yredelemnul
Zin
The Shining One
Jiyva

Shops:
D:2 [   D:3 *([   D:12 *   Orc:1 :   Orc:2 =[[(*   Elf:1 =   Lair:1 =[([[*
Snake:1 ?   Snake:3 :=:[

Portals:
Trove: Elf:1 (give +7 demon whip)

Annotations:
D:4 3 runed translucent doors, Laqueoixx's ghost, amateur OpSh
D:12 1 runed translucent door
D:15 1 transporter, Saturup's ghost, journeyman BaHu
Elf:1 3 runed translucent doors


Innate Abilities, Weirdness & Mutations

You have razor-sharp teeth.
Your natural rate of healing is unusually fast.
When hurt, damage is shared between your health and your magic reserves.
Your bite disrupts and absorbs the magic of your enemies.
Potions cannot restore your health.
You are partially covered in iridescent scales. (AC +2)


Message History

Confirm with . or Enter, or press ? or * to list all spells.
Aiming: Ensorcelled Hibernation (safe; 1% risk of failure)
Press: ? - help, Shift-Dir - straight line, f - moth of wrath, p - acid dragon
Aim: a moth of wrath (lightly wounded, petrified, chance to affect: 83%)
The moth of wrath looks drowsy...
The catoblepas gores you!!!
Unknown command.
You closely miss the wolf spider. You bite the wolf spider!
You drain its power.
You feel invigorated.
The wolf spider is lightly wounded.
The wolf spider hits you. The wolf spider bites you.
The catoblepas completely misses you.
The ice dragon rages.
The helpless moth of wrath fails to defend itself.
You perforate the moth of wrath like a sieve!!!!!
You kill the moth of wrath!
The wolf spider hits you!! The wolf spider misses you.
The catoblepas gores you!!
* * * LOW HITPOINT WARNING * * *
Unknown command. [a] - 330 gold - haste and heal wounds [b] - 930 gold - heal wounds, curing, magic, resistance and enlightenment [c] - 330 gold - haste and enlightenment Purchase which effect?
You feel yourself speed up.
You feel much better. The wolf spider hits you!
* * * LOW HITPOINT WARNING * * *
The wolf spider misses you.
The wolf spider hits you but does no damage.
The wolf spider barely misses you. The catoblepas gores you.
* * * LOW HITPOINT WARNING * * *
As you read the scroll of fear, it crumbles to dust.
You assume a fearsome visage.
The catoblepas is unaffected.
The moth of wrath looks frightened!
The ice dragon is unaffected.
Saturup's ghost is unaffected.
The acid dragon looks frightened!
The wolf spider is unaffected.
The wolf spider hits you!!
* * * LOW HITPOINT WARNING * * *
The wolf spider bites you but does no damage.
The catoblepas gores you but does no damage.
The wolf spider hits you!
You die...
Your body crumbles into a pile of gold.

#...# #..... ###...###
#.#### #.......####.#
##............#
#####........####.#
##..........######.####
##..###©####.....##...).
#..##.###..#####.###...#
#.##...@sD#....#..######
#.#...$#YW.#.y.##.......
##.#..##§D#.$....#.......
#..#©..#D.©..##..#.#####.
#.##.#....y#.....#.#####.
#.#....###[..##.##.......
#.##..#.!!==$...#..#####.
#..###. #####..##.## #.
##...####.©.####..# #.


You could see an ice dragon (berserk), a catoblepas (berserk), a wolf spider
(berserk), a moth of wrath (fleeing), an acid dragon (fleeing, catching breath)
and Saturup's ghost.

Vanquished Creatures
  Vashnia (Snake:2)
  Rupert (D:13)
  2 tentacled monstrosities (Swamp:4)
  A lich (D:12)
  Jorgrun (D:15)
  Kirke (Lair:4)
  Aizul (Snake:2)
  A tengu reaver (D:12)
  A thorn hunter (Swamp:4)
  Roxanne (Elf:1)
  4 fenstrider witches
  3 nagarajas
  A frost giant (D:12)
  An orc warlord (Orc:2)
  4 bunyips
  4 eleionomae
  Azrael (Elf:1)
  Snorg (Lair:4)
  A blizzard demon (Swamp:4)
  A shambling mangrove (Swamp:4)
  The ghost of Hifeote the Acolyte, a journeyman GrFi of the Shining One (D:12)
  A spriggan air mage (Swamp:3)
  3 salamander tyrants (Snake:4)
  4 centaur warriors
  Erica (Lair:1)
  7 alligators
  A ghost crab (Swamp:1)
  4 boulder beetles
  18 hydras
  3 catoblepae (Lair:5)
  5 anacondas
  A hell beast (Swamp:4)
  A death knight (D:14)
  4 ogre magi
  A sphinx zombie (D:15)
  12 naga warriors
  19 death yaks (Lair:5)
  11 two-headed ogres
  A tengu warrior (D:10)
  A vampire mage (D:15)
  A spriggan berserker (Swamp:4)
  2 orc high priests
  9 shock serpents
  19 naga sharpshooters
  An occultist (Swamp:4)
  4 deep elf knights (Elf:1)
  A soul eater (Swamp:4)
  A spriggan (Swamp:4)
  10 skeletal warriors
  A sixfirhy (Swamp:4)
  6 goliath frogs
  6 spectral anacondas (Snake:2)
  3 arcanists
  6 sea snakes (Snake:3)
  4 naga ritualists
  A spark wasp zombie (D:15)
  12 salamander mystics
  Pikel (D:4)
  9 spriggan druids
  4 anaconda zombies (Snake:2)
  3 bog bodies
  A deep elf archer (Elf:1)
  4 swamp dragons
  A mana viper (Snake:3)
  11 deep elf pyromancers
  7 deep elf zephyrmancers
  4 anaconda skeletons (Snake:2)
  A wolf spider (D:12)
  2 orc sorcerers
  2 necromancers
  A harpy (D:15)
  3 orc knights
  7 ugly things
  A cyclops (shapeshifter) (Elf:1)
  22 salamanders
  3 manticores
  Joseph (D:8)
  2 will-o-the-wisps
  6 kobold blastminers
  3 meliai (D:13)
  A moth of wrath (D:15)
  20 elephants
  2 smoke demons (Swamp:4)
  4 guardian serpents
  A torpor snail (Lair:3)
  15 naga magi
  A black mamba (shapeshifter) (D:13)
  4 orange demons
  22 black mambas
  Maggie (D:6)
  Jeremiah (D:7)
  4 centaur skeletons (D:13)
  6 rime drakes
  An unseen horror (D:12)
  A tengu conjurer (D:10)
  10 komodo dragons
  4 kobold demonologists
  7 cane toads
  A gargoyle (D:12)
  A freezing wraith (D:14)
  8 anaconda simulacra (Snake:2)
  5 trolls
  A bloated husk (Swamp:3)
  2 hornets
  Grinder (D:6)
  A wolf spider simulacrum (D:12)
  6 tyrant leeches
  2 trolls (shapeshifter) (D:14)
  A polar bear (Lair:5)
  2 hellwings (Swamp:4)
  10 blink frogs
  A raiju (Orc:2)
  3 air elementals (Elf:1)
  12 slime creatures
  2 shadows
  8 wraiths
  14 wyverns
  2 vampires
  3 fire elementals (Elf:1)
  70 yaks
  Grum (D:8)
  A fire bat (Orc:2)
  11 basilisks
  3 hogs (Lair:4)
  3 wargs (Orc:2)
  Menkaure (D:4)
  2 chaos spawn (Swamp:4)
  21 vampire mosquitoes
  8 swamp worms
  3 acid dragons
  40 nagas
  19 water moccasins
  7 hell hounds
  34 orc warriors
  A sky beast (D:6)
  A black bear (D:7)
  2 laughing skulls (D:15)
  A swamp drake (Swamp:3)
  3 ice beasts
  3 centaurs
  6 boggarts
  15 ogres
  27 wolves
  6 kobold brigands
  5 bullfrogs
  A scorpion (D:6)
  2 gnoll sergeants
  12 wights
  13 killer bees (D:9)
  A howler monkey (D:6)
  An electric eel (D:13)
  Crazy Yiuf (D:7)
  2 jellies
  2 bombardier beetles (D:6)
  4 hounds
  18 orc priests
  2 gnoll boudas
  5 iguanas
  Jessica (D:2)
  24 orc wizards
  9 hell rats
  21 gnolls
  2 adders (D:5)
  4 river rats (Sewer)
  A shadow imp (D:5)
  18 white imps
  An ufetubus (D:13)
  A dart slug (D:4)
  A ribbon worm (shapeshifter) (D:15)
  2 ribbon worms (D:4)
  83 orcs
  8 endoplasms
  3 giant cockroaches
  3 hobgoblins
  8 jackals
  22 kobolds
  3 quokkas
  11 ball pythons
  5 bats
  4 frilled lizards (D:1)
  5 goblins
  13 rats
1119 creatures vanquished.

Vanquished Creatures (collateral kills)
  A naga (Snake:1)
1 creature vanquished.

Vanquished Creatures (others)
  2 dancing weapons
  A human (Lair:4)
  A hell rat (D:14)
  4 foxfires (Swamp:3)
8 creatures vanquished.

Grand Total: 1128 creatures vanquished

Notes
Turn   | Place    | Note
-------+----------+-------------------------------------------
     0 | D:1      | zenocrate the Vine Stalker Enchanter began the quest for
                  | the Orb.
     0 | D:1      | Reached XP level 1. HP: 9/9 MP: 4/4
    34 | D:1      | Reached skill level 1 in Short Blades
   135 | D:1      | Reached XP level 2. HP: 13/13 MP: 6/6
   138 | D:1      | Learned a level 2 spell: Ensorcelled Hibernation
   367 | D:1      | Reached skill level 4 in Stealth
   506 | D:1      | Reached XP level 3. HP: 16/16 MP: 7/7
   587 | D:1      | Learned a level 3 spell: Confusing Touch
   663 | D:2      | Found a blossoming altar of Fedhas.
   740 | D:2      | Noticed Jessica
   748 | D:2      | Killed Jessica
   749 | D:2      | Reached XP level 4. HP: 21/21 MP: 8/8
   976 | D:2      | Found Laenwet's Antique Armour Shoppe.
  1319 | D:3      | Found Iseerph's Antique Weapon Shop.
  1323 | D:3      | Reached skill level 1 in Ice Magic
  1339 | D:3      | Found a faded altar of an unknown god.
  1369 | D:3      | Found Lediuted's General Store.
  1562 | D:3      | Found Wuchov's Armour Shoppe.
  1810 | D:3      | Reached XP level 5. HP: 13/24 MP: 1/9
  1814 | D:3      | Learned a level 3 spell: Tukima's Dance
  2380 | D:4      | Noticed Menkaure
  2389 | D:4      | Killed Menkaure
  2390 | D:4      | Reached skill level 5 in Stealth
  2390 | D:4      | Reached XP level 6. HP: 28/28 MP: 8/11
  2468 | D:4      | Found a radiant altar of Vehumet.
  2510 | D:4      | Noticed Pikel
  2553 | D:4      | Killed Pikel
  2554 | D:4      | Reached skill level 6 in Stealth
  2554 | D:4      | Reached XP level 7. HP: 17/32 MP: 2/13
  2731 | D:4      | Gained mutation: You have razor-sharp teeth. [Vine Stalker
                  | growth]
  2731 | D:4      | Reached XP level 8. HP: 36/36 MP: 14/14
  2839 | D:4      | Found a glowing drain.
  2849 | Sewer    | Entered a sewer
  2931 | Sewer    | Learned a level 3 spell: Dazzling Flash
  3021 | D:4      | Found a runed translucent gate.
  3021 | D:4      | Found a runed translucent gate.
  3021 | D:4      | Found a runed translucent gate.
  3052 | D:4      | Noticed Laqueoixx's ghost (amateur OpSh)
  3112 | D:4      | Found a shadowy altar of Dithmenos.
  3610 | D:5      | Entered Level 5 of the Dungeon
  3653 | D:5      | Reached skill level 5 in Hexes
  3863 | D:5      | Reached skill level 7 in Stealth
  4127 | D:5      | Found a snail-covered altar of Cheibriados.
  4132 | D:5      | Reached skill level 5 in Short Blades
  4202 | D:5      | Found a stormy altar of Qazlal.
  4353 | D:6      | Reached XP level 9. HP: 34/39 MP: 15/15
  4396 | D:6      | Found a hazy altar of Hepliaklqana.
  4467 | D:6      | Found a white marble altar of Elyvilon.
  4728 | D:6      | Noticed Maggie
  4742 | D:6      | Killed Maggie
  4994 | D:6      | Reached skill level 8 in Stealth
  5365 | D:6      | Noticed Grinder
  5379 | D:6      | Killed Grinder
  5380 | D:6      | Reached skill level 5 in Dodging
  5425 | D:6      | Learned a level 1 spell: Apportation
  5492 | D:7      | Noticed Jeremiah
  5497 | D:7      | Killed Jeremiah
  5498 | D:7      | Reached skill level 1 in Fighting
  5498 | D:7      | Reached XP level 10. HP: 45/45 MP: 16/16
  5531 | D:7      | Found a runed translucent door.
  5532 | D:7      | Noticed Crazy Yiuf
  5648 | D:7      | Reached skill level 9 in Stealth
  5863 | D:7      | Found a staircase to the Ecumenical Temple.
  6141 | D:7      | Killed Crazy Yiuf
  6156 | D:7      | Learned a level 4 spell: Cause Fear
  6231 | Temple   | Entered the Ecumenical Temple
  6312 | D:8      | Noticed Joseph
  6316 | D:8      | Noticed Grum
  6331 | D:8      | Found a staircase to the Lair.
  6504 | D:8      | Killed Grum
  6510 | D:8      | Killed Joseph
  6516 | D:8      | Found a broken altar of Ashenzari.
  6804 | D:8      | Reached skill level 10 in Stealth
  7337 | Lair:1   | Entered Level 1 of the Lair of Beasts
  7561 | D:9      | Reached XP level 11. HP: 50/52 MP: 15/17
  7642 | D:9      | Found an opulent altar of Gozag.
  7940 | D:9      | Noticed a two-headed ogre
  7947 | D:9      | Killed a two-headed ogre
  8218 | D:9      | Became a worshipper of Gozag Ym Sagoz the Greedy
  8368 | D:3      | Bought a scroll of vulnerability for 44 gold pieces
  8418 | D:2      | Bought a pair of embroidered gloves for 165 gold pieces
  8946 | Lair:1   | Reached skill level 11 in Stealth
  9077 | Lair:1   | Reached skill level 5 in Fighting
  9487 | Lair:1   | Reached XP level 12. HP: 33/60 MP: 0/18
  9740 | Lair:1   | Noticed Erica
  9811 | Lair:1   | Killed Erica
  9812 | Lair:1   | Reached skill level 12 in Stealth
 10419 | D:2      | Bought a pair of glowing gloves for 165 gold pieces
 10419 | D:2      | Bought a glowing scarf for 176 gold pieces
 10419 | D:2      | Bought a dazzling ring mail for 198 gold pieces
 10419 | D:2      | Identified the +1 ring mail "Webyhois" {Fly rPois Will-}
                  | (You bought it in a shop on level 2 of the Dungeon)
 10974 | Lair:1   | Reached skill level 1 in Throwing
 11105 | Lair:2   | Noticed a boulder beetle
 11634 | Lair:2   | Killed a boulder beetle
 12141 | D:3      | Bought a condenser vane for 440 gold pieces
 12454 | Lair:3   | Reached skill level 13 in Stealth
 12506 | Lair:3   | Found a staircase to the Snake Pit.
 12683 | Lair:3   | Reached skill level 10 in Hexes
 12958 | Lair:3   | Reached XP level 13. HP: 65/65 MP: 14/20
 13013 | Lair:3   | Found a staircase to the Swamp.
 13211 | Lair:4   | Reached skill level 5 in Spellcasting
 13368 | Lair:4   | Reached skill level 10 in Short Blades
 13433 | Lair:4   | Noticed Snorg
 13446 | Lair:4   | Killed Snorg
 13803 | Lair:4   | Noticed Kirke
 13817 | Lair:4   | Killed Kirke
 14100 | Lair:4   | Reached skill level 14 in Stealth
 14468 | Lair:5   | Entered Level 5 of the Lair of Beasts
 14802 | Lair:5   | Reached XP level 14. HP: 50/70 MP: 8/24
 14806 | Lair:5   | Reached skill level 1 in Evocations
 15298 | Lair:5   | Identified the +10 rapier of Qieblig {chaos, ^Fragile rElec
                  | Str+4 Int+3}
 15337 | Lair:5   | Reached skill level 15 in Stealth
 15379 | Lair:5   | Found a staircase to the Slime Pits.
 15380 | Lair:5   | Found a viscous altar of Jiyva.
 16366 | Lair:5   | Reached skill level 10 in Dodging
 17098 | Lair:1   | Bought a translucent short sword for 280 gold pieces
 17098 | Lair:1   | Identified the +6 short sword of the Fool {venom, rN+ Will+
                  | Str-5 Int+5} (You bought it in a shop on level 1 of the
                  | Lair of Beasts)
 17098 | Lair:1   | Bought a runed dagger for 175 gold pieces
 17199 | D:10     | Entered Level 10 of the Dungeon
 17495 | D:10     | Found a staircase to the Orcish Mines.
 17638 | D:10     | Identified the +7 chain mail of the Baker {rN++ Will-
                  | Dex+3}
 17651 | D:10     | Found an ancient bone altar of Kikubaaqudgha.
 17849 | Orc:1    | Entered Level 1 of the Orcish Mines
 17853 | Orc:1    | Reached skill level 1 in Conjurations
 17853 | Orc:1    | Reached XP level 15. HP: 73/73 MP: 21/25
 18348 | Orc:1    | Found Solliun's Book Boutique.
 18456 | Orc:2    | Entered Level 2 of the Orcish Mines
 18842 | Orc:2    | Found Elaiquon's Antique Armour Boutique.
 19116 | Orc:2    | Found a staircase to the Elven Halls.
 19121 | Orc:2    | Found Ciym's Jewellery Shop.
 19234 | Orc:2    | Reached skill level 16 in Stealth
 19315 | Orc:2    | Found a shimmering altar of Xom.
 19681 | Orc:2    | Found Picvarul's General Store.
 19745 | Orc:2    | Bought a scroll of identify for 36 gold pieces
 19745 | Orc:2    | Bought a scroll of teleportation for 54 gold pieces
 19858 | Orc:2    | Noticed an orc warlord
 19904 | Orc:2    | Killed an orc warlord
 20200 | Orc:2    | Found Ykhloud's Antique Weapon Shoppe.
 20476 | Orc:2    | Found Iguah's Antique Armour Emporium.
 20491 | Orc:2    | Bought a runed hat for 154 gold pieces
 21796 | Elf:1    | Entered Level 1 of the Elven Halls
 22243 | Elf:1    | Found a runed translucent gate.
 22243 | Elf:1    | Found a runed translucent gate.
 22243 | Elf:1    | Found a runed translucent gate.
 22291 | Elf:1    | Found a portal to a secret trove of treasure.
 22729 | Elf:1    | Noticed Roxanne
 22790 | Elf:1    | Killed Roxanne
 22986 | Elf:1    | Found Osyas's Jewellery Emporium.
 22987 | Elf:1    | Paralysed by an air elemental for 1 turns
 23029 | Elf:1    | Learned a level 3 spell: Fugue of the Fallen
 23260 | Elf:1    | Noticed Azrael
 23280 | Elf:1    | Killed Azrael
 23675 | Swamp:1  | Entered Level 1 of the Swamp
 24132 | Lair:1   | Bought a spiked helmet for 266 gold pieces
 24132 | Lair:1   | Identified the +1 helmet of Latwubay {Dex+3} (You bought it
                  | in a shop on level 1 of the Lair of Beasts)
 24132 | Lair:1   | Bought a pair of runed boots for 210 gold pieces
 24282 | Orc:2    | Bought a ring of see invisible for 210 gold pieces
 25226 | Elf:1    | Noticed a deep elf sorcerer
 25231 | Elf:1    | HP: 2/71 [deep elf sorcerer/damnation (36)]
 26030 | Swamp:2  | Reached XP level 16. HP: 79/79 MP: 24/26
 26048 | Swamp:2  | Reached skill level 17 in Stealth
 26167 | Swamp:2  | Noticed a fenstrider witch
 26179 | Swamp:2  | Killed a fenstrider witch
 26180 | Swamp:2  | Reached skill level 5 in Evocations
 26583 | Swamp:2  | Identified the +0 short sword of Foul Odours {flame, Will+
                  | Str+2}
 26774 | Snake:1  | Entered Level 1 of the Snake Pit
 26840 | Snake:1  | Found Nion's Magic Scroll Shoppe.
 26846 | Snake:1  | Bought a scroll of identify for 34 gold pieces
 26846 | Snake:1  | Bought a scroll of teleportation for 51 gold pieces
 26846 | Snake:1  | Bought a scroll of fear for 68 gold pieces
 27637 | Snake:1  | Found the +2 Maxwell's thermic engine {flame, freeze, rev}
 29325 | D:12     | Noticed Hifeote's ghost (journeyman GrFi)
 29327 | D:12     | Noticed a lich
 29348 | D:12     | Found Dutoy's Assorted Antiques.
 29499 | D:12     | Found a runed translucent door.
 29515 | D:12     | Found a runed translucent door.
 29515 | D:12     | Noticed a tengu reaver
 29693 | D:12     | Reached skill level 1 in Long Blades
 29708 | D:12     | Bought a scroll of identify for 72 gold pieces
 30220 | Snake:2  | Identified the +8 plate armour of Pus Oju {Will+}
 30607 | Snake:2  | Reached skill level 18 in Stealth
 30826 | Snake:2  | Identified the serpent talisman of the Baku {Dex+4 Slay+2}
 30826 | Snake:2  | Noticed Aizul
 30834 | Snake:2  | Killed Aizul
 31054 | Snake:2  | Noticed Vashnia
 31205 | Snake:2  | Killed Vashnia
 31206 | Snake:2  | Reached XP level 17. HP: 64/82 MP: 0/27
 32032 | D:13     | Found a gate to the Vaults.
 32824 | D:13     | Noticed Rupert
 32839 | D:13     | Killed Rupert
 33211 | D:12     | Bought the -2 hat of the Alchemist {rElec rPois rF+ rC+ rN+
                  | Will+ rMut rCorr} for 1699 gold pieces
 33211 | D:12     | Found the -2 hat of the Alchemist {rElec rPois rF+ rC+ rN+
                  | Will+ rMut rCorr}
 33703 | Snake:3  | Found Fefe's Book Shop.
 33704 | Snake:3  | Found Boegej's Jewellery Emporium.
 33705 | Snake:3  | Found Ysevawk's Book Shop.
 33901 | Snake:3  | Bought a book of Spatial Translocations for 306 gold pieces
 33960 | Snake:3  | Learned a level 2 spell: Blink
 34079 | Snake:3  | Reached skill level 1 in Armour
 34117 | Snake:3  | Reached skill level 19 in Stealth
 34130 | Snake:3  | Reached skill level 1 in Necromancy
 34130 | Snake:3  | Reached skill level 1 in Translocations
 34521 | Snake:3  | Found Sigurd's Dragon-Slaying Spoils.
 34908 | Snake:3  | Learned a level 7 spell: Enfeeble
 35164 | Swamp:3  | Identified the +10 mace of Jeennipris {spect, rC+++ rCorr
                  | Int-5 Dex-2}
 35289 | Swamp:3  | Reached XP level 18. HP: 75/87 MP: 22/29
 35932 | Lair:1   | Gained mutation: You occasionally lose the ability to drink
                  | potions when taking damage. [potion of mutation]
 35938 | Lair:1   | Lost mutation: You occasionally lose the ability to drink
                  | potions when taking damage. [potion of mutation]
 35938 | Lair:1   | Gained mutation: You are partially covered in iridescent
                  | scales. (AC +2) [potion of mutation]
 36836 | D:14     | Reached skill level 15 in Hexes
 37432 | D:14     | You are sucked into a shaft and drop 1 floor!
 37432 | D:15     | Entered Level 15 of the Dungeon
 37942 | D:12     | Killed a lich
 37993 | D:12     | Killed Hifeote's ghost
 38082 | D:12     | Identified the ring "Ajyaja" {Fly rN++ Str-5}
 38099 | D:12     | Identified the +1 chain mail of Submission {rElec}
 38313 | Snake:4  | Entered Level 4 of the Snake Pit
 39966 | Snake:4  | Reached XP level 19. HP: 93/93 MP: 13/32
 40206 | Snake:4  | Got a serpentine rune of Zot
 40602 | Swamp:4  | Entered Level 4 of the Swamp
 40620 | Swamp:4  | Got the Compendium of Hypothermia and the Mortuary
 40787 | Swamp:4  | Noticed a tentacled monstrosity
 40804 | Swamp:4  | Killed a tentacled monstrosity
 40818 | Swamp:4  | Noticed a tentacled monstrosity
 40869 | Swamp:4  | HP: 4/93 [fenstrider witch (13)]
 40869 | Swamp:4  | HP: 1/93 [fenstrider witch (3)]
 40877 | Swamp:4  | HP: 2/93 [fenstrider witch (16)]
 40888 | Swamp:4  | Killed a tentacled monstrosity
 41017 | Swamp:4  | Reached skill level 15 in Short Blades
 41634 | Swamp:4  | Got a decaying rune of Zot
 42757 | D:15     | Noticed Jorgrun
 42767 | D:15     | Killed Jorgrun
 43087 | D:15     | Noticed Saturup's ghost (journeyman BaHu)
 43122 | D:15     | Found a transporter.
 43143 | D:15     | Found a transporter.
 43212 | D:15     | Reached skill level 5 in Translocations
 43213 | D:15     | Found a staircase to the Depths.
 43226 | D:15     | Reached skill level 5 in Necromancy
 43392 | D:15     | Found a sparkling altar of Nemelex Xobeh.
 43773 | D:15     | HP: 2/94 [wolf spider (22)]
 43773 | D:15     | Mangled by a wolf spider

Illustrated notes

Levels and vault maps discovered:
D:1:      saegor_arrival_simple_d, layout_rooms
D:2:      layout_basic, basic_altar, serial_shops, nicolae_lakefront_shop,
          uniq_jessica
D:3:      layout_basic, hellmonk_ecumenical_altar_lost_god, serial_shops, shop,
          shop, nicolae_shop_statue_plus, hangedman_abyss_or_decor_stabs,
          minivault_26
D:4:      layout_loops_corners, grunt_dithmenos_smoke_and_mirrors,
          fiery_altar_vehumet, gammafunk_ghost_icy, cheibrodos_sewer_entry_bend,
          nicolae_houndstooth_variations, uniq_pikel, uniq_menkaure
D:5:      layout_basic, hangedman_feature_mirror
D:6:      layout_loops_corners, nzn_hepliaklqana_mist_gate,
          lemuel_coloured_pillars_altar, uniq_maggie, uniq_grinder
D:7:      layout_rooms, temple_green, eino_tiny_chamber, hangedman_decor_points,
          minmay_misc_feat_four_crosses, uniq_crazy_yiuf_cottage, uniq_jeremiah
D:8:      layout_basic, mainiacjoe_overflow_cross_hatched, dpeg_oklobed_lair,
          minivault_23, uniq_joseph, uniq_grum
D:9:      layout_loops_cross, grunt_gozag_statues
D:10:     lemuel_ice_spiral_2, layout_rooms,
          nicolae_kikubaaqudgha_miasma_corner, orc_0_dummy
D:11:     layout_roguey
D:12:     layout_small_grid, muffindrake_ghost_dual_entry,
          nicolae_concentric_dashed_squares_mild, kennysheep_windowed_goal
D:13:     layout_roguey, hangedman_vaults_entry_quadrant_bands, serial_ice,
          serial_ice_i, serial_ice_c, serial_ice_e, serial_ice_a, serial_ice_d,
          serial_ice_m, portal_ice_cave_entry_imps, amethyst_killhole,
          uniq_rupert
D:14:     layout_long_grid, minmay_misc_feat_ornament, special_room
          [special_room_mythical_zoo]
D:15:     gammafunk_depths_entry_grave, layout_loops_ring, nrook_uturn,
          gammafunk_ghost_berserking_beasts, nemelex_lonely_heart_becter,
          uniq_jorgrun
Temple:   eino_wide_crystal_templ
Lair:1:   layout_cave_pods, grunt_megastairs_5, uniq_erica
Lair:2:   layout_long_grid
Lair:3:   layout_long_grid, mainiacjoe_swamp_entry_angry_trees,
          guppyfry_snake_entry_island
Lair:4:   layout_regular_city, grunt_forest_small_clearings,
          infiniplex_staircase_pool_2, lemuel_fruit_tree, serial_bayou_shore_b,
          uniq_kirke, uniq_snorg
Lair:5:   evilmike_catoblepas_cave, layout_hall_layers, slime_entry_1,
          gauntlet_entry_generic, lemuel_old_faithful, grunt_megastairs_2
Swamp:1:  layout_basic_swamp, evilmike_swamp_ruin_house_3
Swamp:2:  layout_basic_swamp, nicolae_swamp_ascending_descending_big,
          swamp_pool_1_2
Swamp:3:  layout_falls_marsh, nicolae_swamp_feature_on_the_river_bank
Swamp:4:  nzn_swamp_witches_coven, layout_basic_swamp
Snake:1:  layout_chambers, serial_shops, shop, nicolae_snake_guarding_the_ruins
Snake:2:  layout_cave_shapes, nicolae_snake_double_loop, st_stairs_6,
          nicolae_snake_dead_anacondas, uniq_vashnia, uniq_aizul
Snake:3:  layout_honeycomb, nicolae_shop_dragon_depot,
          serial_library_hellmonk_octagon, serial_bayou_shore_a,
          minmay_shop_grove, serial_bayou_shore_b
Snake:4:  johnstein_snake_rune_scales, layout_cave_town
Orc:1:    layout_caves, serial_shops, nicolae_book_shop_shelving
Orc:2:    grunt_orc_community_town_hall, layout_caves,
          grunt_orc_community_big_house_2, grunt_orc_community_big_house_1,
          grunt_orc_community_house_2, grunt_orc_community_house_2,
          grunt_orc_community_house_1, grunt_orc_community_house_3,
          grunt_orc_community_house_3, grunt_orc_community_house_3, basic_altar,
          serial_shops, nicolae_shop_hallway_plus, regret_index_xom_of_box
Elf:1:    layout_geoelf_octagon, enter_trove_6, serial_shops, shop,
          hangedman_elf_disciples, minivault_23, nicolae_elf_hall_of_bonks,
          uniq_roxanne, uniq_azrael

Skill      XL: |  1  2  3  4  5  6  7  8  9 10 11 12 13 14 15 16 17 18 19 |
---------------+----------------------------------------------------------+-----
Short Blades   | 1 2 3 5 6 7 8 9 10 11 12 13 14 15 | 15.1
Stealth        | 4 5 6 7 8 10 11 13 14 15 16 18 19 | 19.9
Dodging        | 2 3 4 5 6 7 8 9 10 11 12 13 | 13.1
Ice Magic      | 1 2 3 |  3.0
Spellcasting   | 3 4 6 7 8 |  8.5
Hexes          | 4 5 6 7 9 10 11 12 13 14 15 | 15.5
Fighting       | 1 3 5 6 7 8 |  8.2
Throwing       | 1 2 |  2.0
Evocations     | 4 6 |  6.6
Conjurations   | 1 2 |  2.2
Long Blades    | 2 |  2.6
Armour         | 1 3 4 |  4.7
Necromancy     | 1 4 5 |  5.0
Translocations | 1 4 5 |  5.0

Action                     |  1- 3 |  4- 6 |  7- 9 | 10-12 | 13-15 | 16-18 | 19-21 || total
---------------------------+-------+-------+-------+-------+-------+-------+-------++-------
  Melee: Dagger            |    66 |   126 |   291 |       |       |       |       ||   483
         Bite              |    10 |    32 |    98 |   145 |   334 |   339 |    88 ||  1046
         Punch             |       |     3 |     7 |       |       |       |       ||    10
         Short sword       |       |       |       |   457 |   946 |   818 |   198 ||  2419
         Double sword      |       |       |       |       |       |   117 |       ||   117
  Throw: Dart              |       |       |       |     1 |       |       |       ||     1
         Throwing net      |       |       |       |       |       |     1 |       ||     1
   Cast: Ensorcelled Hiber |     1 |    12 |    30 |   128 |   271 |   251 |    54 ||   747
         Confusing Touch   |       |     1 |     8 |     8 |    20 |    35 |    19 ||    91
         Tukima's Dance    |       |       |       |       |     1 |     7 |       ||     8
         Dazzling Flash    |       |       |       |       |     1 |       |       ||     1
         Cause Fear        |       |       |       |       |       |     3 |       ||     3
         Blink             |       |       |       |       |       |       |     1 ||     1
 Invoke: Call Merchant     |       |       |       |       |     4 |     1 |     1 ||     6
         Potion Petition   |       |       |       |       |       |     2 |     3 ||     5
  Evoke: Wand              |       |       |       |       |     5 |     3 |     4 ||    12
         Condenser vane    |       |       |       |       |     1 |     2 |       ||     3
    Use: Scroll            |       |     6 |     2 |     9 |    22 |    16 |     7 ||    62
         Potion            |       |       |       |     6 |       |     3 |     2 ||    11
   Stab: Sleeping          |     9 |    13 |    30 |    94 |   200 |   265 |    37 ||   648
         Confused          |       |     1 |     5 |     6 |    17 |    36 |    25 ||    90
         Distracted        |       |       |       |     3 |    11 |    14 |     5 ||    33
         Invisible         |       |       |       |     5 |     1 |       |       ||     6
         Paralysed         |       |       |       |       |     2 |       |     2 ||     4
         Petrified         |       |       |       |       |       |       |     1 ||     1
 Armour: Robe              |    29 |    64 |   107 |       |       |       |       ||   200
         Swamp dragon scal |       |       |    63 |   296 |   573 |   537 |   178 ||  1647
  Dodge: Dodged            |    40 |    61 |   177 |   303 |   668 |   674 |   136 ||  2059
